 Dungeon Crawl Stone Soup version 0.29.0-11-gd7f09526c8 (webtiles) character file.

Game seed: 5596985074596429878

2 Ordine the Trooper (level 1, 0/14 HPs)
             Began as a Gargoyle Fighter on Sept 6, 2022.
             Slain by a hobgoblin (1 damage)
             ... on level 1 of the Dungeon.
             The game lasted 00:00:22 (29 turns).

Ordine the Trooper (Gargoyle Fighter)                 Turns: 29, Time: 00:00:23

Health: 0/14       AC:  9    Str: 19    XL:     1   Next: 40%
Magic:  1/1        EV:  9    Int:  8    God:
Gold:   0          SH:  4    Dex:  9    Spells: 0/0 levels left

rFire   . . .      SeeInvis .   a - +0 flail
rCold   . . .      Faith    .   c - +0 buckler
rNeg    + . .      Spirit   .   b - +0 scale mail
rPois   ∞          Reflect  .   (no helmet)
rElec   +          Harm     .   (no cloak)
rCorr   .          Rampage  .   (no gloves)
Will    .....                   (no boots)
Stlth   ..........              (no amulet)
HPRegen 0.04/turn               (no ring)
MPRegen 0.07/turn               (no ring)

@: no status effects
A: sickness immunity, AC +2, negative energy resistance 1, electricity
resistance, torment resistance 1, petrification resistance
a: no special abilities


You were on level 1 of the Dungeon.
You visited 1 branch of the dungeon, and saw 1 of its levels.

Inventory:

Hand Weapons
 a - a +0 flail (weapon)
Armour
 b - a +0 scale mail (worn)
 c - a +0 buckler (worn)
Potions
 d - a potion of might


   Skills:
 + Level 3.3 Fighting
 * Level 2.1 Maces & Flails
 - Level 3.2 Armour
 + Level 3.3 Shields


You couldn't memorise any spells.
You didn't know any spells.
Your spell library was empty.

Dungeon Overview and Level Annotations

Branches:
Dungeon (1/15)

Altars:


Innate Abilities, Weirdness & Mutations

You are immune to sickness and miasma.
Your stone body is resilient. (AC +2)
You are immune to poison.
You resist negative energy. (rN+)
You are resistant to electric shocks. (rElec)
You are resistant to unholy torment.
You are immune to petrification.


Message History

The ball python constricts you.
You hit the ball python but do no damage.
The ball python is severely wounded.
The ball python bites you but does no damage.
The ball python constricts you. The hobgoblin closely misses you.
The hobgoblin hits you. You block the ball python's attack.
The ball python constricts you.
You hit the ball python.
You kill the ball python!
The hobgoblin closely misses you.
You barely miss the frilled lizard.
The frilled lizard hisses.
The frilled lizard bites you but does no damage.
The hobgoblin misses you.
You miss the frilled lizard.
The frilled lizard bites you but does no damage.
The hobgoblin hits you but does no damage.
You block the frilled lizard's attack. The hobgoblin hits you.
You are too injured to fight recklessly!
You are too injured to fight recklessly!
You are too injured to fight recklessly!
You are too injured to fight recklessly!
You are too injured to fight recklessly!
You miss the frilled lizard. You block the frilled lizard's attack.
The hobgoblin hits you.
* * * LOW HITPOINT WARNING * * *
You thump the frilled lizard!
You kill the frilled lizard!
You block the hobgoblin's attack.
You hit the hobgoblin.
The hobgoblin is almost dead.
The hobgoblin closely misses you.
The hobgoblin hits you but does no damage.
You closely miss the hobgoblin.
The hobgoblin is almost dead.
The hobgoblin closely misses you.
You hit the hobgoblin but do no damage.
The hobgoblin is almost dead.
The hobgoblin hits you.
You die...

#.. .. #.# .# #.# .#
... ######. #.# ......
#.###
######..######.†.#####
#.............@g......
#.#####'#####.?#.#####
#.#PPP#.#PPP#..# #
#.#P⌠P#.#P⌠P#..#
#.#PPP#.#PPP#..#
#.#####.#####..#
..+....<....+..#
#.#####.#####..#
#.#PPP#.#PPP#..


You could see a hobgoblin.

Vanquished Creatures
  A ball python (D:1)
  A frilled lizard (D:1)
  A kobold (D:1)
3 creatures vanquished.

Notes
Turn   | Place    | Note
-------+----------+-------------------------------------------
     0 | D:1      | Ordine the Gargoyle Fighter began the quest for the Orb.
     0 | D:1      | Reached XP level 1. HP: 14/14 MP: 1/1
    29 | D:1      | Slain by a hobgoblin

Illustrated notes

Levels and vault maps discovered:
D:1:      beargit_arrival_greenhouse, layout_loops_ring,
          nicolae_ecumenical_lake_church, roderic_filled_cross, minivault_26,
          minmay_misc_feat_columns

Action                   || total
-------------------------++-------
Melee: Flail             ||    17
Armor: Scale mail        ||    10
Dodge: Dodged            ||    10
Block: Buckler           ||     7
